 Dungeon Crawl Stone Soup version 0.29-a0-468-ge57f7f99b4 (console) character file.

Game seed: 1294065511600305144

433 jejorda2 the Poker (level 7, 0/56 HPs)
             Began as a Merfolk Fighter on May 21, 2022.
             Slain by Prince Ribbit (8 damage)
             ... on level 5 of the Dungeon.
             The game lasted 00:05:32 (2360 turns).

jejorda2 the Poker (Merfolk Fighter)                Turns: 2360, Time: 00:05:33

Health: 0/56       AC: 12    Str: 18    XL:     7   Next: 0%
Magic:  7/7        EV:  9    Int: 10    God:
Gold:   79         SH:  0    Dex: 17    Spells: 6/6 levels left

rFire   . . .      SeeInvis .   a - +0 halberd
rCold   . . .      Faith    .   (shield currently unavailable)
rNeg    . . .      Spirit   .   c - +0 scale mail
rPois   .          Reflect  .   k - +0 helmet
rElec   .          Harm     .   h - +1 cloak
rCorr   .          Rampage  .   (no gloves)
Will    .....                   i - +1 pair of boots of Wu Jian's Pride {Int+2 Dex+4}
Stlth   ..........              (no amulet)
HPRegen 0.18/turn               (no ring)
MPRegen 0.10/turn               (no ring)

@: no status effects
A: (nimble swimmer 2), mertail
a: no special abilities


You were on level 5 of the Dungeon.
You visited 1 branch of the dungeon, and saw 5 of its levels.

You collected 79 gold pieces.

Inventory:

Hand Weapons
 a - a +0 halberd (weapon)
 b - a +0 trident
Missiles
 e - 76 stones (quivered)
 g - a poisoned dart
Armour
 c - a +0 scale mail (worn)
 h - a +1 cloak (worn)
 i - the +1 pair of boots of Wu Jian's Pride (worn) {Int+2 Dex+4}
   (You found it on level 3 of the Dungeon)

   Int:       It affects your intelligence (+2).
   Dex:       It affects your dexterity (+4).
 k - a +0 helmet (worn)
Wands
 o - a wand of mindburst (3)
Scrolls
 f - a scroll of blinking {unknown}
 l - a scroll of identify {unknown}
 m - a scroll of torment {unknown}
 n - a scroll of brand weapon {unknown}
 q - a scroll of teleportation {unknown}
Potions
 d - 3 potions of curing
 j - a potion of heal wounds {unknown}
 p - 2 potions of magic {unknown}


   Skills:
 + Level 5.0 Fighting
 * Level 7.0 Polearms
 + Level 3.3 Armour
 - Level 3.0 Shields


You had 6 spell levels left.
You didn't know any spells.
Your spell library was empty.

Dungeon Overview and Level Annotations

Branches:
Dungeon (5/15)
 Temple: D:4-7

Altars:
Ru

Annotations:
D:5 Prince Ribbit


Innate Abilities, Weirdness & Mutations

((You are very nimble when in or above water. (Stealth+, EV+, Speed+++)))
Your lower body shifts to a powerful aquatic tail in water.


Message History

Prince Ribbit hits you!
* * * LOW HITPOINT WARNING * * *
Prince Ribbit barely misses you.
You puncture Prince Ribbit!
Prince Ribbit is moderately wounded.
Prince Ribbit blinks! x2
Throw: 2 darts (poison)
Press: ? - help, Shift-Dir - straight line, f/p - Prince Ribbit
Aim: Prince Ribbit (moderately wounded, 41% to hit)
You throw a poisoned dart. The poisoned dart hits Prince Ribbit.
Prince Ribbit is poisoned.
Prince Ribbit is moderately wounded.
Aiming: Mindburst
Press: ? - help, Shift-Dir - straight line, f/p - Prince Ribbit
Aim: Prince Ribbit (moderately wounded, poisoned, chance to affect: 47%) Prince Ribbit resists with some effort.
Aiming: Mindburst
Press: ? - help, Shift-Dir - straight line, f/p - Prince Ribbit
Aim: Prince Ribbit (moderately wounded, poisoned, chance to affect: 47%) Prince Ribbit's mind is blasted!!
Prince Ribbit blinks!
Aiming: Mindburst
Press: ? - help, Shift-Dir - straight line, f/p - Prince Ribbit
Aim: Prince Ribbit (almost dead, poisoned, chance to affect: 47%) Prince Ribbit resists with some effort.
Aiming: Mindburst
Press: ? - help, Shift-Dir - straight line, f/p - Prince Ribbit
Aim: Prince Ribbit (almost dead, poisoned, chance to affect: 47%) Prince Ribbit resists with some effort.
You closely miss Prince Ribbit.
Prince Ribbit is almost dead.
Prince Ribbit looks more healthy.
Prince Ribbit hits you but does no damage.
Prince Ribbit catches a small bird with his tongue.
Prince Ribbit hits you.
* * * LOW HITPOINT WARNING * * *
Aiming: Mindburst
Press: ? - help, Shift-Dir - straight line, f/p - Prince Ribbit
Aim: Prince Ribbit (almost dead, chance to affect: 47%) Prince Ribbit resists with some effort.
Prince Ribbit hits you!
You die...

#......###.##
#......# #..#
.# .......#
##.## .#
#......# #..#
.# #......#
##.## .#
#......# #..#
.# #......#
##.## .#
#......#
###(.##F##.#
#......#
#..(..@....#
########
#.##.##.#..#
#( #.......#
# #..#....#
#...###(#
#.#.# .#
#.#.. #
#.##.. ...
..#


You could see Prince Ribbit.

Vanquished Creatures
  A phantom (D:4)
  A scorpion (D:4)
  2 orc priests (D:5)
  3 hounds (D:5)
  3 orc wizards (D:5)
  2 adders
  3 gnolls (D:2)
  4 orcs (D:5)
  2 ball pythons
  A bat (D:3)
  3 endoplasms (D:4)
  A giant cockroach (D:2)
  A goblin (D:1)
  A hobgoblin (D:3)
  3 jackals (D:3)
  2 kobolds
  A quokka (D:4)
  A frilled lizard (D:2)
35 creatures vanquished.

Notes
Turn   | Place    | Note
-------+----------+-------------------------------------------
     0 | D:1      | jejorda2 the Merfolk Fighter began the quest for the Orb.
     0 | D:1      | Reached XP level 1. HP: 18/18 MP: 1/1
    39 | D:2      | Found a faded altar of an unknown god.
   172 | D:2      | Reached skill level 3 in Polearms
   172 | D:2      | Reached XP level 2. HP: 20/24 MP: 2/2
   175 | D:2      | Reached XP level 3. HP: 21/29 MP: 3/3
   459 | D:2      | Reached skill level 4 in Polearms
   680 | D:3      | Identified the +1 pair of boots of Wu Jian's Pride {Int+2
                  | Dex+4}
   774 | D:4      | Reached XP level 4. HP: 26/37 MP: 4/4
   898 | D:4      | Found a sacrificial altar of Ru.
   961 | D:4      | Noticed a phantom
   983 | D:4      | Killed a phantom
   984 | D:4      | Reached skill level 5 in Polearms
   984 | D:4      | Reached XP level 5. HP: 13/42 MP: 5/5
  1518 | D:5      | Entered Level 5 of the Dungeon
  1564 | D:5      | Reached skill level 6 in Polearms
  1564 | D:5      | Reached XP level 6. HP: 9/49 MP: 6/6
  2248 | D:5      | Reached skill level 5 in Fighting
  2248 | D:5      | Reached skill level 7 in Polearms
  2248 | D:5      | Reached XP level 7. HP: 51/56 MP: 7/7
  2335 | D:5      | Noticed Prince Ribbit
  2360 | D:5      | Slain by Prince Ribbit

Illustrated notes

Levels and vault maps discovered:
D:1:      dpeg_arrival_boxorama, layout_basic, serial_shops,
          nicolae_shop_statue_plus, shop, shop, nicolae_shop_crystal,
          nicolae_shop_hallway_plus, serial_bayou_ford_a,
          chequers_serial_rivers_marsh, feat_on_display
D:2:      layout_basic, hellmonk_ecumenical_altar_zigzags, minmay_misc_feat_chi,
          patterned_corridor
D:3:      layout_loops_ring
D:4:      layout_rooms, lemuel_doored_altar
D:5:      layout_basic, uniq_prince_ribbit1

Skill      XL: |  1  2  3  4  5  6 |
---------------+-------------------+-----
Polearms       | 3 4 5 6 7 |  7.0
Fighting       | 4 5 |  5.0
Armour         | 3 |  3.3
Shields        | |  3.0

Action                   |  1- 3 |  4- 6 |  7- 9 || total
-------------------------+-------+-------+-------++-------
Melee: Trident           |    30 |       |       ||    30
       Halberd           |    32 |    83 |     9 ||   124
Throw: Stone             |     3 |     4 |       ||     7
       Dart              |       |       |     5 ||     5
Evoke: Wand              |       |       |     5 ||     5
  Use: Scroll            |     1 |       |       ||     1
       Potion            |       |     1 |       ||     1
Armor: Scale mail        |    28 |    47 |     5 ||    80
Dodge: Dodged            |    23 |    31 |     4 ||    58
Block: Buckler           |     7 |       |       ||     7

Table legend: (Time is in decaauts)
 A = Elapsed time spent in this place.
 B = Non-inter-level travel time spent in this place.
 C = Inter-level travel time spent in this place.
 D = Time resting spent in this place.
 E = Time spent auto-exploring this place.
 F = Levels seen in this place.
 G = Mean time per level.
                   A        B        C        D        E       F      G
               +--------+--------+--------+--------+--------+-----+--------+
         Total |   2392 |   2377 |     15 |    398 |   1553 |   5 |  478.4 |
       Dungeon |   2392 |   2377 |     15 |    398 |   1553 |   5 |  478.4 |
               +--------+--------+--------+--------+--------+-----+--------+

Top non-repeatable levels by time:
     D:4: 1016 daAuts
     D:5: 623 daAuts
     D:2: 450 daAuts
     D:3: 263 daAuts
     D:1: 39 daAuts
